 Dungeon Sprint DCSS version 0.29-a0-96-g93358da72b (webtiles) character file.

Game seed: 16891236978028361461

230873 mhtbhm the Conqueror (level 17, 0/226 HPs)
             Began as an Ogre Berserker on Feb 12, 2022.
             Was a High Priest of Trog.
             Hit by a large rock thrown by a stone giant (32 damage)
             ... in the Dungeon (Sprint IX: "|||||||||||||||||||||||||||||").
             The game lasted 00:24:28 (15967 turns).

mhtbhm the Conqueror (Ogre Berserker)              Turns: 15967, Time: 00:24:29

Health: 0/226      AC: 19    Str: 36    XL:     17   Next: 43%
Magic:  17/17      EV: 11    Int:  8    God:    Trog [*****.]
Gold:   1015       SH: 25    Dex:  6    Spells: 16/16 levels left

rFire   + . .      SeeInvis +   a - +17 lance "Wyrmbane" {slay drac, rPois rF+ rC+ AC+3}
rCold   + + .      Faith    .   c - +3 tower shield {reflect}
rNeg    + . .      Spirit   .   b - +3 storm dragon scales of Quiet Fog {rElec rCorr Str+5}
rPois   +          Reflect  +   (helmet restricted)
rElec   +          Harm     .   s - +1 cloak
rCorr   +          Rampage  .   (gloves unavailable)
Will    +....      NoTele   +   (boots unavailable)
Stlth   ..........              N - amulet of Qahe {rPois rC+ Regen+ Str-4 Slay+2}
HPRegen 1.27/turn               M - ring "Erorumud" {rElec rN+ Str+4 Dex-5 Slay+3}
MPRegen 0.15/turn               L - ring of Hanis {Contam rPois Dex+3 SInv}

@: on berserk cooldown
A: large, unfitting armour, tough skin 1
}: 5/17 runes: decaying, serpentine, barnacled, silver, gossamer
a: Renounce Religion, Berserk, Trog's Hand, Brothers in Arms


You were in the Dungeon.
You worshipped Trog.
Trog was extremely pleased with you.
You visited 1 branch You collected 1955 gold pieces.
You spent 940 gold pieces at shops.

Inventory:

Hand Weapons
 a - the +17 lance "Wyrmbane" (weapon) {slay drac, rPois rF+ rC+ AC+3}
   (Trog gifted it to you in the Dungeon)

   It inflicts extra damage against dragons and draconians.
   AC:        It affects your AC (+3).
   rF:        It protects you from fire.
   rC:        It protects you from cold.
   rPois:     It protects you from poison.
 A - a +2 morningstar of holy wrath
 I - the +12 glaive of Trog's Outrage {vorpal, *Slow rC+ Dex+6 Stlth+}
   (Trog gifted it to you in the Dungeon)

   It inflicts extra damage upon your enemies.
   Dex:       It affects your dexterity (+6).
   rC:        It protects you from cold.
   *Slow:     It may slow you when you take damage.
   Stlth:     It makes you more stealthy.
Missiles
 m - 2 poisoned darts
 w - 7 javelins
 E - a throwing net (quivered)
 J - 3 silver javelins
Armour
 b - the +3 storm dragon scales of Quiet Fog (worn) {rElec rCorr Str+5}
   (You found it in the Dungeon)

   Str:       It affects your strength (+5).
   rElec:     It insulates you from electricity.
   rCorr:     It protects you from acid and corrosion.
 c - a +3 tower shield of reflection (worn)
 s - a +1 cloak (worn)
Jewellery
 K - the ring "Upromisu" {rPois rF+ Int+7}
   (You found it in the Dungeon)

   [ring of protection from fire]

   Int:       It affects your intelligence (+7).
   rF:        It protects you from fire.
   rPois:     It protects you from poison.
 L - the ring of Hanis (right hand) {Contam rPois Dex+3 SInv}
   (You found it in the Dungeon)

   [ring of dexterity]

   Dex:       It affects your dexterity (+3).
   rPois:     It protects you from poison.
   SInv:      It lets you see invisible.
   Contam:    It causes magical contamination when unequipped.
 M - the ring "Erorumud" (left hand) {rElec rN+ Str+4 Dex-5 Slay+3}
   (You found it in the Dungeon)

   [ring of slaying]

   Str:       It affects your strength (+4).
   Dex:       It affects your dexterity (-5).
   Slay:      It affects your accuracy & damage with ranged weapons and melee
   (+3).
   rElec:     It insulates you from electricity.
   rN:        It protects you from negative energy.
 N - the amulet of Qahe (around neck) {rPois rC+ Regen+ Str-4 Slay+2}
   (You found it in the Dungeon)

   [amulet of regeneration]

   Str:       It affects your strength (-4).
   Slay:      It affects your accuracy & damage with ranged weapons and melee
   (+2).
   rC:        It protects you from cold.
   rPois:     It protects you from poison.
   Regen:     It increases your rate of health regeneration.
 O - the ring "Huich" {rC+ Int+2 Dex-5 SInv}
   (You found it in the Dungeon)

   [ring of see invisible]

   Int:       It affects your intelligence (+2).
   Dex:       It affects your dexterity (-5).
   rC:        It protects you from cold.
   SInv:      It lets you see invisible.
Wands
 j - a wand of iceblast (9)
 t - a wand of digging (6)
Scrolls
 o - 13 scrolls of identify
 q - 3 scrolls of enchant armour
 r - 3 scrolls of immolation
 u - 9 scrolls of enchant weapon
 v - 4 scrolls of fear
 R - a scroll of blinking
Potions
 e - 8 potions of haste
 f - 9 potions of magic
 g - 6 potions of berserk rage
 i - a potion of invisibility
 n - 3 potions of mutation
 x - a potion of attraction
 z - a potion of ambrosia
 H - 8 potions of curing
 P - 4 potions of heal wounds
 Q - a potion of resistance


   Skills:
 O Level 27 Fighting
 O Level 27 Polearms
 - Level 2.1 Throwing
 * Level 1.7 Armour
 O Level 27 Dodging
 - Level 8.6 Stealth
 * Level 25.7 Shields
 + Level 2.8 Evocations


You had 16 spell levels left.
You didn't know any spells.
Your spell library was empty.

Dungeon Overview and Level Annotations

Branches:
Dungeon (1/1)

Altars:
Cheibriados
Dithmenos
Elyvilon
Fedhas
Gozag
Hepliaklqana
Kikubaaqudgha
Makhleb
Nemelex Xobeh
Okawaru
Qazlal
Ru
Sif Muna
Trog
Uskayaw
Vehumet
Wu Jian
Xom
Yredelemnul
Zin
The Shining One
Beogh
Jiyva
Lugonu

Shops:
D ?*?:


Innate Abilities, Weirdness & Mutations

You are too large for most types of armour.
You have tough skin. (AC +1)


Message History

The deep troll earth mage is moderately wounded.
The stone giant hits you!!
* * * LOW HITPOINT WARNING * * *
Unknown command.
Reach: a) +17 lance "Wyrmbane" {slay drac, rPois rF+ rC+ AC+3}
Press: ? - help, Dir - move target, f/p - deep troll earth mage
Aim: a deep troll earth mage (moderately wounded, about 17% to evade the +17 lance "Wyrmbane")
You reach to attack!
You puncture the deep troll earth mage!
The deep troll earth mage is heavily wounded.
The stone giant completely misses you.
Unknown command.
Blink to where?
Press: ? - help, Dir - move target, p - deep troll earth mage
As you read the scroll of blinking, it crumbles to dust.
Okay, then.
You don't have any unidentified items.
As you read the scroll of fog, it crumbles to dust.
The scroll dissolves into smoke.
Your ogre goes berserk!
Unknown command.
You swap places.
Your ogre rages.
Your ogre barely misses the stone giant.
Your ogre rages.
Your ogre hits the stone giant with a +0 giant club!!
The stone giant hits your ogre!!
Your ogre hits the stone giant with a +0 giant club!!
A large rock appears from out of your range of vision.
The large rock hits your ogre!!!
Your ogre dies!
Your ogre's corpse disappears in a puff of smoke!
The stone giant shouts!
You feel yourself speed up.
The stone giant throws a large rock.
The large rock hits you.
* * * LOW HITPOINT WARNING * * *
The deep troll earth mage casts a spell next to you.
The wall shatters!
The blast of rock fragments hits you!!
* * * LOW HITPOINT WARNING * * *
The stone giant throws a large rock.
The large rock hits you!!
You die...

,*,*,*,*,*,*,*,▓§▓.▓)▓.▓.▓.▓.▓.▓.
,*+*,*,*,*,*,*,▓C▓.▓.▓)▓.▓.▓.▓.▓.
,*,*,*,*,*,*,*,▓T▓.▓.▓)▓.▓.▓.▓.▓.
,*,*,*,*,*+*,*,▓.▓)▓.▓)▓)▓.▓.▓.▓.
,*,*,*,*,*,*,*,▓C▓)▓.▓)▓.♣)♣.▓.▓.
,*,*,*,*,*,*,*,▓.▓)▓.▓)▓.♣)♣.▓)▓.
,*,*,*,*,*,*,*,▓.▓)▓.▓)▓.♣.♣.▓)▓.
,*,*,*,*,*,*,*,▓.▓)▓.▓.▓.♣[♣.▓)▓.
,*,*,*,*,*,*,*,▓@▓)▓.▓.▓.♣)♣.▓)▓.
,*,*,*,*,*,*,*+▓.▓)▓.▓.▓.♣.♣.▓)▓.
,*,*,*+*,*,*,*,▓.▓.▓.▓)▓.♣.♣.▓)▓.
,*,*,*,*,*,*,*,▓.▓.▓.▓.▓.♣[♣.▓.▓.
,*+*,*,*,*+*,*,▓.▓.▓.▓.▓.♣.♣.▓.▓.
,*,*,*,*,*,*,*,▓.▓[▓.▓(▓.♣.♣.▓.▓.
,*,*,*,*,*+*,*,▓.▓=▓.▓.▓.♣.♣.▓[▓.
,*,*,*,*,*,*,*,▓.▓.▓.▓.▓.♣.♣.▓[▓.
,*,*,*,*,*+*,*,▓.▓[▓.▓)▓.♣)♣.▓[▓.


You could see a fire giant, a stone giant and a deep troll earth mage.

Vanquished Creatures
  Mara (D)
  Sojobo (D)
  Saint Roka (D)
  Nikola (D)
  Jory (D)
  A tentacled monstrosity (D)
  4 liches (D)
  A quicksilver dragon (D)
  5 shadow dragons (D)
  Agnes (D)
  2 tengu reavers (D)
  6 nagarajas (D)
  2 vault wardens (D)
  2 deep elf sorcerers (D)
  A ghost moth (D)
  A frost giant (D)
  5 emperor scorpions (D)
  Louise (D)
  A fire giant (D)
  3 ironbound preservers (D)
  A war gargoyle (D)
  4 stone giants (D)
  4 very ugly things (D)
  2 ironbound thunderhulks (D)
  2 dire elephants (D)
  A spark wasp (D)
  A bunyip (D)
  Azrael (D)
  4 ettins (D)
  5 merfolk impalers (D)
  4 merfolk javelineers (D)
  2 fire dragons (D)
  3 yaktaur captains (D)
  A rakshasa (D)
  A peacekeeper (D)
  25 vault guards (D)
  7 hydras (D)
  2 ice dragons (D)
  An ogre mage (D)
  A salamander tyrant (D)
  A boulder beetle (D)
  A merfolk avatar (D)
  2 merfolk aquamancers (D)
  Erica (D)
  A two-headed ogre (D)
  2 deep troll earth magi (D)
  2 spriggan berserkers (D)
  2 tengu warriors (D)
  Nergalle (D)
  2 salamander mystics (D)
  A skeletal warrior (D)
  2 steelbarb worms (D)
  An orb spider (D)
  10 swamp dragons (D)
  A glowing orange brain (D)
  2 harpies (D)
  An ironbound convoker (D)
  A deep elf pyromancer (D)
  A lindwurm (D)
  3 orc knights (D)
  2 necromancers (D)
  3 wolf spiders (D)
  A wizard (D)
  A phantasmal warrior (D)
  8 orc sorcerers (D)
  3 ugly things (D)
  A will-o-the-wisp (D)
  A manticore (D)
  4 cyclopes (D)
  A moth of wrath (D)
  Joseph (D)
  2 guardian serpents (D)
  A water nymph (D)
  A merfolk siren (D)
  A black mamba (D)
  2 vault sentinels (D)
  A naga mage (D)
  A kobold demonologist (D)
  6 cane toads (D)
  An efreet (D)
  3 demonic crawlers (D)
  A freezing wraith (D)
  3 merfolk (D)
  A tyrant leech (D)
  A tarantella (D)
  A wind drake (D)
  4 blink frogs (D)
  A slime creature (D)
  A jumping spider (D)
  2 wyverns (D)
  6 yaks (D)
  A basilisk (shapeshifter) (D)
  2 fire elementals (D)
  A basilisk (D)
  2 redbacks (D)
  2 vampire mosquitoes (D)
  A warg (D)
  2 nagas (D)
  A water moccasin (D)
  2 swamp drakes (D)
  4 hell hounds (D)
  A floating eye (D)
  9 orc warriors (D)
  A wolf (D)
  A boggart (D)
  A kobold brigand (D)
  5 bullfrogs (D)
  A scorpion (D)
  2 hounds (D)
  2 orc priests (D)
  7 orc wizards (D)
  An ufetubus (D)
  An adder zombie (D)
  5 orcs (D)
  A ball python (D)
  An endoplasm (D)
  A hobgoblin (D)
  A kobold (D)
  A rat (D)
277 creatures vanquished.

Vanquished Creatures (collateral kills)
  A tentacled monstrosity (D)
  A nagaraja (D)
  An emperor scorpion (D)
  2 stone giants (D)
  A dire elephant (D)
  An ettin (D)
  A fire dragon (D)
  A naga warrior (D)
  A spriggan air mage (D)
  An ironbound frostheart (D)
  A naga sharpshooter (D)
  A wizard (D)
  An orc knight (D)
  An ugly thing (D)
  An orc sorcerer (D)
  A manticore (D)
  A salamander (D)
  A guardian serpent (D)
  2 naga magi (D)
  A freezing wraith (D)
  A wraith (D)
  A redback (D)
  2 orc warriors (D)
  An orc priest (D)
  2 orc wizards (D)
  2 orcs (D)
31 creatures vanquished.

Vanquished Creatures (others)
  Ilsuiw (D)
1 creature vanquished.

Grand Total: 309 creatures vanquished

Notes
Turn   | Place    | Note
-------+----------+-------------------------------------------
     0 | D        | mhtbhm the Ogre Berserker began the quest for the Orb.
     0 | D        | Reached XP level 1. HP: 24/24 MP: 1/1
    18 | D        | Reached ** piety under Trog
   151 | D        | Noticed a scorpion
   151 | D        | Noticed a hound
   151 | D        | Noticed a hound
   157 | D        | Killed a scorpion
   158 | D        | Reached skill level 5 in Polearms
   158 | D        | Reached XP level 2. HP: 37/37 MP: 2/2
   158 | D        | Reached XP level 3. HP: 45/45 MP: 3/3
   158 | D        | Reached XP level 4. HP: 53/53 MP: 4/4
   159 | D        | Reached *** piety under Trog
   164 | D        | Reached skill level 5 in Dodging
   166 | D        | Reached XP level 5. HP: 60/63 MP: 5/5
   166 | D        | Reached **** piety under Trog
   274 | D        | Found a snail-covered altar of Cheibriados.
   274 | D        | Found a shadowy altar of Dithmenos.
   274 | D        | Found a white marble altar of Elyvilon.
   274 | D        | Found a blossoming altar of Fedhas.
   274 | D        | Found an opulent altar of Gozag.
   275 | D        | Found a hazy altar of Hepliaklqana.
   276 | D        | Found a viscous altar of Jiyva.
   277 | D        | Found an ancient bone altar of Kikubaaqudgha.
   278 | D        | Found a corrupted altar of Lugonu.
   279 | D        | Found a burning altar of Makhleb.
   280 | D        | Found a sparkling altar of Nemelex Xobeh.
   281 | D        | Found an iron altar of Okawaru.
   282 | D        | Found a stormy altar of Qazlal.
   283 | D        | Found a sacrificial altar of Ru.
   284 | D        | Found a shimmering blue altar of Sif Muna.
   285 | D        | Found a bloodstained altar of Trog.
   286 | D        | Found a hide-covered altar of Uskayaw.
   287 | D        | Found a radiant altar of Vehumet.
   288 | D        | Found an ornate altar of the Wu Jian Council.
   289 | D        | Found a shimmering altar of Xom.
   290 | D        | Found a basalt altar of Yredelemnul.
   291 | D        | Found a glowing silver altar of Zin.
   292 | D        | Found a glowing golden altar of the Shining One.
   323 | D        | Noticed a two-headed ogre
   323 | D        | Noticed an orc warrior
   323 | D        | Noticed a yak
   323 | D        | Noticed a kobold demonologist
   323 | D        | Noticed a kobold brigand
   328 | D        | Killed a two-headed ogre
   329 | D        | Reached skill level 10 in Polearms
   329 | D        | Reached XP level 6. HP: 84/84 MP: 6/6
   329 | D        | Reached XP level 7. HP: 92/92 MP: 7/7
   341 | D        | Killed a yak
   342 | D        | Reached XP level 8. HP: 81/102 MP: 8/8
   353 | D        | Killed a kobold demonologist
   353 | D        | Reached ***** piety under Trog
   470 | D        | Noticed a yak
   470 | D        | Noticed a deep elf pyromancer
   470 | D        | Noticed a cyclops
   470 | D        | Noticed a manticore
   470 | D        | Noticed a wraith
   470 | D        | Noticed a purple ugly thing
   475 | D        | a yak changed into a sky beast
   487 | D        | Killed a deep elf pyromancer
   488 | D        | Reached XP level 9. HP: 114/114 MP: 9/9
   489 | D        | Received a gift from Trog
   490 | D        | Reached skill level 10 in Dodging
   492 | D        | Killed a cyclops
   493 | D        | Reached skill level 15 in Fighting
   495 | D        | Killed a manticore
   498 | D        | Killed a purple ugly thing
   499 | D        | Reached skill level 15 in Polearms
   828 | D        | Reached XP level 10. HP: 128/128 MP: 10/10
   830 | D        | Noticed a cane toad
   831 | D        | Received a gift from Trog
   845 | D        | Killed a cane toad
   907 | D        | Noticed a cane toad
   907 | D        | Noticed a cane toad
   907 | D        | Noticed a cane toad
   910 | D        | Killed a cane toad
   912 | D        | Killed a cane toad
   918 | D        | Killed a cane toad
   919 | D        | Received a gift from Trog
   921 | D        | Reached ****** piety under Trog
  1000 | D        | Noticed a cane toad
  1004 | D        | Killed a cane toad
  1011 | D        | Received a gift from Trog
  1012 | D        | Reached XP level 11. HP: 143/143 MP: 11/11
  1202 | D        | Noticed Joseph
  1212 | D        | Killed Joseph
  1288 | D        | Noticed a stone giant
  1288 | D        | Noticed an ettin
  1296 | D        | Killed a stone giant
  1296 | D        | Received a gift from Trog
  1306 | D        | Killed an ettin
  1319 | D        | Received a gift from Trog
  1890 | D        | Noticed an orc knight
  1890 | D        | Noticed an orc knight
  1895 | D        | Killed an orc knight
  1896 | D        | Noticed an orc knight
  1899 | D        | Received a gift from Trog
  1905 | D        | Killed an orc knight
  1907 | D        | Noticed an orc knight
  1911 | D        | Killed an orc knight
  1914 | D        | Received a gift from Trog
  1918 | D        | Killed an orc knight
  2207 | D        | Found Muoroun's Magic Scroll Emporium.
  2207 | D        | Noticed an orc sorcerer
  2207 | D        | Noticed an orc sorcerer
  2211 | D        | Killed an orc sorcerer
  2212 | D        | Noticed an orc sorcerer
  2214 | D        | Killed an orc sorcerer
  2214 | D        | Received a gift from Trog
  2218 | D        | Found Qekky's Assorted Antiques.
  2218 | D        | Noticed an orc sorcerer
  2218 | D        | Noticed an orc sorcerer
  2227 | D        | Noticed a sun demon
  2232 | D        | Killed an orc sorcerer
  2233 | D        | Reached XP level 12. HP: 135/163 MP: 12/12
  2241 | D        | Identified the +10 halberd of Vevirghi {antimagic, rC+ rN+}
                  | (Trog gifted it to you in the Dungeon)
  2241 | D        | Received a gift from Trog
  2656 | D        | Found Fies's Magic Scroll Emporium.
  2658 | D        | Found Muenteisu's Book Shoppe.
  2708 | D        | Bought a scroll of enchant weapon for 75 gold pieces
  2708 | D        | Bought a scroll of fear for 35 gold pieces
  2708 | D        | Bought a scroll of fog for 20 gold pieces
  2708 | D        | Bought a scroll of identify for 20 gold pieces
  2708 | D        | Bought a scroll of enchant weapon for 75 gold pieces
  2708 | D        | Bought a scroll of immolation for 35 gold pieces
  2718 | D        | Received a gift from Trog
  2719 | D        | Reached skill level 1 in Stealth
  2719 | D        | Paralysed by an orc sorcerer for 3 turns
  2724 | D        | Noticed a sun demon
  2784 | D        | Bought a potion of mutation for 176 gold pieces
  2784 | D        | Bought a scroll labelled QOBAATUNIT for 22 gold pieces
  2784 | D        | Bought a potion of curing for 66 gold pieces
  2784 | D        | Bought a murky cyan potion for 19 gold pieces
  2784 | D        | Bought a lumpy blue potion for 19 gold pieces
  2786 | D        | Bought a scroll of identify for 20 gold pieces
  2786 | D        | Bought 2 scrolls of identify for 40 gold pieces
  2794 | D        | Bought a scroll of blinking for 90 gold pieces
  2794 | D        | Bought a scroll of summoning for 114 gold pieces
  2794 | D        | Bought a scroll of identify for 24 gold pieces
  2794 | D        | Bought a scroll of enchant weapon for 90 gold pieces
  2834 | D        | Noticed Erica
  2841 | D        | Killed Erica
  2957 | D        | Noticed a tengu warrior
  2957 | D        | Noticed a boulder beetle
  2964 | D        | Killed a tengu warrior
  2968 | D        | Received a gift from Trog
  2969 | D        | Noticed a stone giant
  2978 | D        | Killed a boulder beetle
  2980 | D        | Noticed a lich
  2981 | D        | Noticed a stone giant
  2991 | D        | HP: 2/169 [stone giant (18)]
  3001 | D        | Killed a stone giant
  3546 | D        | Killed a lich
  3546 | D        | Received a gift from Trog
  3674 | D        | Killed a stone giant
  3751 | D        | Noticed a lich
  3756 | D        | Killed a lich
  3859 | D        | Noticed a stone giant
  3867 | D        | Killed a stone giant
  3868 | D        | Reached XP level 13. HP: 89/182 MP: 4/13
  4115 | D        | Noticed an ettin
  4126 | D        | Killed an ettin
  4126 | D        | Received a gift from Trog
  4218 | D        | Noticed Saint Roka
  4244 | D        | Killed Saint Roka
  4249 | D        | Received a gift from Trog
  4472 | D        | Noticed Azrael
  4482 | D        | Killed Azrael
  4483 | D        | Reached skill level 27 in Fighting
  4489 | D        | Received a gift from Trog
  4572 | D        | Noticed Agnes
  4580 | D        | Killed Agnes
  4581 | D        | Reached skill level 15 in Dodging
  4634 | D        | Reached skill level 5 in Stealth
  4644 | D        | Received a gift from Trog
  4867 | D        | Received a gift from Trog
  4871 | D        | Noticed a naga warrior
  4883 | D        | Received a gift from Trog
  4895 | D        | Killed a naga warrior
  5166 | D        | Noticed a bunyip
  5181 | D        | Reached XP level 14. HP: 177/198 MP: 4/14
  5189 | D        | Received a gift from Trog
  5845 | D        | Received a gift from Trog
  5845 | D        | Found the +8 lance "Wyrmbane" {slay drac, rPois rF+ rC+
                  | AC+3}
  6130 | D        | Noticed Nergalle
  6143 | D        | Killed Nergalle
  6144 | D        | Reached skill level 1 in Evocations
  6211 | D        | Received a gift from Trog
  6230 | D        | Noticed a green very ugly thing
  6245 | D        | Received a gift from Trog
  6603 | D        | Received a gift from Trog
  6839 | D        | Killed a green very ugly thing
  6951 | D        | Noticed a lich
  6960 | D        | Killed a lich
  7015 | D        | Noticed a fire giant
  7023 | D        | Killed a fire giant
  7023 | D        | Received a gift from Trog
  7188 | D        | Noticed a purple very ugly thing
  7188 | D        | Noticed a dire elephant
  7188 | D        | Noticed an ironbound preserver
  7209 | D        | Noticed a dire elephant
  7210 | D        | Killed a purple very ugly thing
  7222 | D        | Killed an ironbound preserver
  7225 | D        | Killed a dire elephant
  7225 | D        | Received a gift from Trog
  7226 | D        | Noticed a dire elephant
  7235 | D        | HP: 4/198 [ironbound frostheart/creeping frost (27)]
  7245 | D        | Killed a dire elephant
  7314 | D        | Killed a dire elephant
  7318 | D        | Reached skill level 27 in Polearms
  7323 | D        | Reached XP level 15. HP: 63/206 MP: 15/15
  7907 | D        | Noticed a vault warden
  7924 | D        | Killed a vault warden
  7924 | D        | Received a gift from Trog
  8290 | D        | Received a gift from Trog
  8904 | D        | Noticed Jory
  8918 | D        | Killed Jory
  9154 | D        | Noticed Louise
  9192 | D        | Killed Louise
  9192 | D        | Received a gift from Trog
  9486 | D        | Noticed Ilsuiw
  9492 | D        | Reached skill level 1 in Shields
  9520 | D        | Killed Ilsuiw
  9527 | D        | Identified the +12 glaive of Trog's Outrage {vorpal, *Slow
                  | rC+ Dex+6 Stlth+} (Trog gifted it to you in the Dungeon)
  9527 | D        | Received a gift from Trog
  9535 | D        | HP: 2/206 [merfolk javelineer/javelin (13)]
 10120 | D        | Reached skill level 5 in Shields
 10387 | D        | Got a barnacled rune of Zot
 10591 | D        | Identified the +7 halberd of Dissent {vorpal, rElec rC+
                  | rCorr Int-2} (Trog gifted it to you in the Dungeon)
 10591 | D        | Received a gift from Trog
 10625 | D        | Received a gift from Trog
 10641 | D        | Got a decaying rune of Zot
 10839 | D        | Noticed a nagaraja
 10839 | D        | Noticed a nagaraja
 10841 | D        | Noticed a nagaraja
 10845 | D        | Killed a nagaraja
 10849 | D        | Noticed a nagaraja
 10855 | D        | Killed a nagaraja
 10855 | D        | Received a gift from Trog
 10856 | D        | Noticed a nagaraja
 10865 | D        | Noticed a nagaraja
 10866 | D        | Killed a nagaraja
 10878 | D        | Killed a nagaraja
 10880 | D        | Killed a nagaraja
 10880 | D        | Received a gift from Trog
 11376 | D        | Killed a nagaraja
 11377 | D        | Reached XP level 16. HP: 126/217 MP: 16/16
 11740 | D        | Noticed a nagaraja
 11755 | D        | Killed a nagaraja
 11757 | D        | Received a gift from Trog
 11758 | D        | Reached skill level 10 in Shields
 11762 | D        | Got a serpentine rune of Zot
 11938 | D        | Received a gift from Trog
 11969 | D        | HP: 9/217 [emperor scorpion (8)]
 12415 | D        | Received a gift from Trog
 12431 | D        | Got a gossamer rune of Zot
 12538 | D        | Noticed Mara
 12554 | D        | Noticed mhtbhm's illusion
 12562 | D        | Killed Mara
 12563 | D        | Reached skill level 27 in Dodging
 12723 | D        | Received a gift from Trog
 12781 | D        | Reached skill level 15 in Shields
 13174 | D        | Received a gift from Trog
 13241 | D        | Received a gift from Trog
 13877 | D        | Noticed a lich
 13891 | D        | Received a gift from Trog
 13922 | D        | Killed a lich
 13922 | D        | Received a gift from Trog
 13943 | D        | Paralysed by something for 4 turns
 14377 | D        | Received a gift from Trog
 14384 | D        | Noticed a shadow dragon
 14398 | D        | Killed a shadow dragon
 14399 | D        | Reached skill level 1 in Throwing
 14411 | D        | Reached XP level 17. HP: 214/226 MP: 17/17
 14490 | D        | Received a gift from Trog
 14653 | D        | Noticed a tentacled monstrosity
 14653 | D        | Noticed a quicksilver dragon
 14673 | D        | Killed a tentacled monstrosity
 14673 | D        | Received a gift from Trog
 14677 | D        | Noticed a tentacled monstrosity
 14681 | D        | Killed a quicksilver dragon
 14715 | D        | Killed a tentacled monstrosity
 15155 | D        | Received a gift from Trog
 15165 | D        | Got a silver rune of Zot
 15358 | D        | Noticed Nikola
 15359 | D        | Noticed Sojobo
 15376 | D        | Killed Sojobo
 15386 | D        | Killed Nikola
 15386 | D        | Identified the +8 spear of Iconoclasm {vorpal, rF- rC- rN+
                  | Will++} (Trog gifted it to you in the Dungeon)
 15386 | D        | Received a gift from Trog
 15636 | D        | Got the ring "Upromisu" {rPois rF+ Int+7}
 15638 | D        | Got the ring of Hanis {Contam rPois Dex+3 SInv}
 15640 | D        | Got the ring "Erorumud" {rElec rN+ Str+4 Dex-5 Slay+3}
 15642 | D        | Got the amulet of Qahe {rPois rC+ Regen+ Str-4 Slay+2}
 15644 | D        | Got the ring "Huich" {rC+ Int+2 Dex-5 SInv}
 15777 | D        | Got the +3 storm dragon scales of Quiet Fog {rElec rCorr
                  | Str+5}
 15914 | D        | Paralysed by a floating eye for 3 turns
 15924 | D        | Paralysed by a floating eye for 3 turns
 15930 | D        | Reached skill level 1 in Armour
 15945 | D        | Identified the +5 spear of the Equator {vorpal, rC+ rCorr
                  | SInv} (Trog gifted it to you in the Dungeon)
 15945 | D        | Received a gift from Trog
 15967 | D        | Hit by a large rock thrown by a stone giant

Illustrated notes

Levels and vault maps discovered:
D:        linesprint [early_d, line_temple, items_1, d_10, items_2, lair_1,
          lair_end, items_3, orc_1, orc_end, items_4, d_15, swamp_1, shoals_1,
          snake_1, spider_1, d_20, vaults_1, items_5, swamp_end, shoals_end,
          snake_end, spider_end, vaults_end, d_27, items_6, zot_1, zot_end,
          crypt_end, forest_end, elf_end, slime_end, tomb_end, abyss_end,
          pan_hell_end]

Skill      XL: |  1  2  3  4  5  6  7  8  9 10 11 12 13 14 15 16 17 |
---------------+----------------------------------------------------+-----
Dodging        | 4 5 8 9 10 11 12 14 16 19 25 27 | 27.0
Fighting       | 6 8 12 13 14 16 18 22 25 27 | 27.0
Polearms       | 5 6 10 11 13 15 17 20 21 23 27 | 27.0
Stealth        | 2 7 8 |  8.6
Evocations     | 1 2 |  2.8
Shields        | 9 21 25 | 25.7
Throwing       | 1 2 |  2.1
Armour         | 1 |  1.7

Action                   |  1- 3 |  4- 6 |  7- 9 | 10-12 | 13-15 | 16-18 || total
-------------------------+-------+-------+-------+-------+-------+-------++-------
Melee: Spear             |    27 |     9 |       |       |       |       ||    36
       Halberd           |       |     4 |    57 |   225 |   196 |       ||   482
       Lance             |       |       |       |       |   460 |   575 ||  1035
       Punch             |       |       |       |       |     9 |     2 ||    11
Throw: Dart              |       |       |       |       |       |     1 ||     1
       Throwing net      |       |       |       |       |       |     1 ||     1
Invok: Berserk           |     1 |     1 |     2 |     8 |    16 |    10 ||    38
       Brothers in Arms  |       |       |     1 |     5 |     9 |     7 ||    22
Evoke: Wand              |       |       |       |       |     1 |       ||     1
  Use: Scroll            |       |       |       |     8 |     6 |     3 ||    17
       Potion            |       |       |       |     3 |     5 |     3 ||    11
 Stab: Sleeping          |       |       |       |       |     4 |     3 ||     7
       Distracted        |       |       |       |       |     2 |     1 ||     3
Armor: Animal skin       |     5 |     2 |    20 |     7 |       |       ||    34
       Robe              |       |       |       |     5 |    53 |    79 ||   137
       Storm dragon scal |       |       |       |       |       |     6 ||     6
Dodge: Dodged            |    11 |     1 |    24 |    54 |   215 |   141 ||   446
Block: Tower shield      |       |       |       |       |       |   156 ||   156

Table legend: (Time is in decaauts) A = Elapsed time spent in this place. B = Non-inter-level travel time spent in this place. C = Inter-level travel time spent in this place. D = Time resting spent in this place. E = Time spent auto-exploring this place. F = Levels seen in this place. G = Mean time per level. A B C D E F G +--------+--------+--------+--------+--------+-----+--------+ Total | 15624 | 15624 | 0 | 9257 | 2837 | 1 | 15624.0 | Dungeon | 15624 | 15624 | 0 | 9257 | 2837 | 1 | 15624.0 | +--------+--------+--------+--------+--------+-----+--------+

Top non-repeatable levels by time:
       D: 15624 daAuts
